Build Orders - Match 20572055 - cohdb - Company of Heroes 3 Replays
cohdb
Replays
Latest Replays
All Replays
Popular Replays
Top Player Replays
Match Explorer
How It Works
Community
CoH3 Stats
Reddit
Sign in to upload your games and track your stats! →
Sign in with Steam
Match 20572055
Unlisted
Match 20572055
Overview
Messages
Build Orders
End
Construct Barracks
Selects Airborne Battlegroup
Selects Heavy Machine Gun Paradrop
Riflemen Squad
Riflemen Squad
Selects Paratrooper Squad Paradrop
Paratrooper Squad Paradrop
Mechanized Support Center
Construct Motor Pool
Engineer Squad
M8 Greyhound Armored Car
M1 Mortar Team
Paratrooper Squad Paradrop
Construct Medical Station
Selects Anti-tank Gun Team Paradrop
Selects Recon Loiter
Construct Tank Depot
Anti-tank Gun Team Paradrop
M4(105) Sherman Bulldozer
Selects Paradrop Reinforcements
mokple
aSIISpanky
United
The_Jonny_Boy94
0
0
Comments
sign in to comment!
No comments posted yet!